 Dungeon Crawl Stone Soup version 0.29-a0-231-g945431f764 (webtiles) character file.

Game seed: 7978952994362598335

61313 bande the Cleaver (level 15, -16/107 HPs)
             Began as a Gargoyle Fighter on Mar 1, 2022.
             Was the Champion of Okawaru.
             Engulfed by an ice statue's freezing vapour (21 damage)
             ... in an ice cave.
             The game lasted 01:00:02 (25602 turns).

bande the Cleaver (Gargoyle Fighter)               Turns: 25602, Time: 01:00:02

Health: -16/107    AC: 38    Str: 27    XL:     15   Next: 2%
Magic:  20/20      EV:  8    Int: 14    God:    Okawaru [******]
Gold:   1771       SH:  0    Dex: 17    Spells: 14/14 levels left

rFire   . . .      SeeInvis +   K - +1 broad axe (elec)
rCold   . . .      Faith    .   c - +1 buckler
rNeg    + . .      Spirit   .   E - +7 chain mail "Muagreo" {Int+4 Dex-4 Stlth+}
rPois   ∞          Reflect  .   L - +1 hat
rElec   +          Harm     .   S - +0 cloak "Wiqoim" {-Cast rPois Regen+ Str+7}
rCorr   .          Rampage  .   q - +0 pair of gloves
Will    +....      NoCast   +   n - +2 pair of boots
Stlth   ..........              u - amulet of regeneration
HPRegen 1.87/turn               P - +6 ring of dexterity
MPRegen 0.17/turn               s - ring of see invisible

@: confused, ambrosia-drunk, flying, studying Fighting
A: sickness immunity, AC +11, big wings, negative energy resistance 1,
electricity resistance, torment resistance 1, petrification resistance, fangs 1,
low MP 1, robust 1
a: Renounce Religion, Heroism, Finesse, Duel


You were in an ice cave.
You worshipped Okawaru.
Okawaru was exalted by your worship.
You visited 3 branches of the dungeon, and saw 19 of its levels.
You also visited: Ice Cave.

You collected 1771 gold pieces.

Inventory:

Hand Weapons
 y - a +4 flail of freezing
 K - a +1 broad axe of electrocution (weapon)
 O - a +2 vorpal war axe
Missiles
 g - 5 throwing nets (quivered)
Armour
 c - a +1 buckler (worn)
 e - the +6 chain mail of the Realm of Zot {rN+}
   (You found it on level 5 of the Lair of Beasts)

   rN:        It protects you from negative energy.
 m - a +2 cloak of willpower
 n - a +2 pair of boots (worn)
 q - a +0 pair of gloves (worn)
 E - the +7 chain mail "Muagreo" (worn) {Int+4 Dex-4 Stlth+}
   (Okawaru gifted it to you on level 2 of the Lair of Beasts)

   Int:       It affects your intelligence (+4).
   Dex:       It affects your dexterity (-4).
   Stlth:     It makes you more stealthy.
 G - the +0 pair of boots "Tawaryrch" {rN+}
   (Okawaru gifted it to you on level 3 of the Lair of Beasts)

   rN:        It protects you from negative energy.
 L - a +1 hat (worn)
 S - the +0 cloak "Wiqoim" (worn) {-Cast rPois Regen+ Str+7}
   (Okawaru gifted it to you on level 9 of the Dungeon)

   Str:       It affects your strength (+7).
   rPois:     It protects you from poison.
   -Cast:     It prevents spellcasting.
   Regen:     It increases your rate of health regeneration.
Jewellery
 b - a ring of flight
 s - a ring of see invisible (right hand)
 u - an amulet of regeneration (around neck)
 A - a ring of wizardry
 P - a +6 ring of dexterity (left hand)
Wands
 j - a wand of flame (15)
 v - a wand of iceblast (15)
 D - a wand of mindburst (15)
 F - a wand of digging (7)
 J - a wand of acid (13)
 Q - a wand of polymorph (3)
Scrolls
 f - 15 scrolls of identify
 k - 8 scrolls of teleportation
 x - 4 scrolls of fear
 z - 2 scrolls of amnesia
 I - 2 scrolls of fog
 N - a scroll of blinking
Potions
 d - a potion of cancellation
 h - 3 potions of resistance
 i - a potion of berserk rage
 l - 2 potions of magic
 o - 2 potions of flight
 p - 5 potions of haste
 r - a potion of mutation
 t - 8 potions of curing
 w - 2 potions of brilliance
 C - 2 potions of invisibility


   Skills:
 + Level 13.1 Fighting
 + Level 13.7 Axes
 + Level 11.9 Armour
 + Level 10.1 Shields
 * Level 10.8 Invocations
 * Level 9.0 Evocations


You had 14 spell levels left.
You didn't know any spells.
Your spell library contained the following spells:

 Spells                   Type           Power      Damage    Failure   Level
 Beastly Appendage        Tmut           0%         N/A       82%         1
 Slow                     Hex            0%         N/A       82%         1
 Wereblood                Tmut           0%         N/A       91%         2
 Confusing Touch          Hex            0%         N/A       99%         3
 Ozocubu's Armour         Ice            0%         N/A       99%         3
 Spider Form              Tmut/Pois      0%         N/A       99%         3
 Vampiric Draining        Necr           0%         2d6       99%         3
 Leda's Liquefaction      Hex/Erth       0%         N/A       100%        4
 Lee's Rapid Deconstruct  Erth           0%         3d5*      100%        5
 Metabolic Englaciation   Hex/Ice        0%         N/A       100%        5
 Simulacrum               Ice/Necr       Unusable   N/A       N/A         6
 Statue Form              Tmut/Erth      Unusable   N/A       N/A         6

Dungeon Overview and Level Annotations

Branches:
Dungeon (12/15)            Temple (1/1) D:6            Lair (6/6) D:9
  Swamp (0/4) Lair:2       Spider (0/4) Lair:2          Orc (0/2) D:11
  IceCv (1/1)
  Slime: Lair:5-6

Altars:
Cheibriados
Okawaru
Sif Muna
Xom

Shops:
D:8 [

Annotations:
Lair:3 Dutwide's ghost, journeyman MfGl
Lair:6 exclusion: oklob plant IceCv 1 transporter, exclusion: 2 ice statues


Innate Abilities, Weirdness & Mutations

You are immune to sickness and miasma.
Your stone body is resilient. (AC +11)
You are immune to poison.
Your large and strong wings let you fly.
You resist negative energy. (rN+)
You are resistant to electric shocks. (rElec)
You are resistant to unholy torment.
You are immune to petrification.
You have very sharp teeth.
Your magical capacity is low. (-10% MP)
You are robust. (+10% HP)


Message History

The bolt of cold hits the ice beast.
The ice beast completely resists.
The bolt of cold hits you but does no damage.
The bolt of cold hits the ice beast.
The ice beast completely resists.
The ice beast hits you but does no damage.
You slash the ice beast!
The ice beast is almost dead.
You hit the ice beast but do no damage. You slash the ice beast!
You block the ice beast's attack.
The ice beast hits you but does no damage.
The ice statue gestures.
Unknown command.
You closely miss the ice beast.
The ice beast is almost dead.
You hit the ice beast but do no damage. You hit the ice beast.
Lightning courses through the ice beast!
You kill the ice beast!
The ice beast disappears in a puff of smoke!
The ice beast hits you but does no damage.
You block the ice beast's attack.
The ice statue gestures.
The ice statue gestures at you.
The freezing blast engulfs the ice beast.
The ice beast completely resists.
You slice the ice beast!!
You kill the ice beast!
The ice beast disappears in a puff of smoke!
You slash the ice beast!
You are engulfed in freezing vapours.
You block the ice beast's attack.
Unknown command.
You are confused.
You feel invigorated.
You are engulfed in freezing vapours.
* * * LOW HITPOINT WARNING * * *
The ice beast hits you but does no damage.
The ice statue gestures at you.
The bolt of cold hits the ice beast.
The ice beast completely resists.
The bolt of cold hits you!!
* * * LOW HITPOINT WARNING * * *
The ice statue gestures.
Unknown command.
You're too confused to move!
You are engulfed in freezing vapours.
You die...

#......!......#
##....[......##
#...[.©.....#
##...8©8...##
###########
##8.†©..8##
##8..☼....8##
##8.Y..○.○..8##
#.....Y@☼Y....#
#©..8.)○Y○8..∩#
###############


You could see 2 ice statues and 4 ice beasts.

Vanquished Creatures
  Snorg (D:10)
  Fannar (D:12)
  8 hydras
  Erolcha (D:11)
  A death knight (D:11)
  3 catoblepae
  9 two-headed ogres
  6 death yaks
  Nergalle (D:10)
  Lodul (D:10)
  2 lindwurms
  A phantasmal warrior (D:11)
  A harpy (shapeshifter) (D:9)
  3 ugly things
  A cyclops (D:11)
  Maurice (D:10)
  15 elephants
  3 black mambas
  A torpor snail (Lair:5)
  A gargoyle (D:12)
  10 cane toads
  Psyche (D:9)
  5 rime drakes
  10 komodo dragons
  2 freezing wraiths (D:11)
  2 trolls
  5 polar bears
  10 blink frogs
  5 hornets (Lair:6)
  Grinder (D:5)
  A dream sheep (Lair:6)
  14 spriggans (Lair:6)
  Sigmund (D:3)
  2 shadows
  5 wyverns
  34 yaks
  A wraith (D:11)
  2 basilisks
  A swamp worm (Lair:2)
  A warg (D:11)
  Edmund (D:6)
  12 water moccasins
  2 sky beasts (D:5)
  13 orc warriors
  4 black bears
  31 wolves
  4 boggarts (Lair:6)
  4 ogres
  8 centaurs
  3 kobold brigands
  10 bullfrogs
  A cane toad simulacrum (IceCv)
  A gnoll sergeant (D:8)
  5 scorpions
  2 necrophages (D:5)
  30 wights
  A killer bee (D:11)
  An electric eel (Lair:1)
  3 howler monkeys
  8 orc priests
  4 hounds
  2 jellies
  Jessica (D:2)
  A gnoll shaman (D:7)
  2 iguanas
  8 orc wizards
  A polar bear simulacrum (IceCv)
  8 gnolls
  5 adders
  14 white imps
  2 ufetubi
  5 worms
  4 dart slugs
  66 orcs
  7 endoplasms
  6 giant cockroaches
  4 hobgoblins
  2 jackals (D:1)
  A quokka (D:5)
  5 ball pythons
  13 bats
  6 frilled lizards
  5 goblins
  24 kobolds
  5 rats
519 creatures vanquished.

Vanquished Creatures (others)
  An ugly thing (IceCv)
  A howler monkey (D:12)
  A bush (Lair:5)
  40 fungi
  55 plants
98 creatures vanquished.

Grand Total: 617 creatures vanquished

Notes
Turn   | Place    | Note
-------+----------+-------------------------------------------
     0 | D:1      | bande the Gargoyle Fighter began the quest for the Orb.
     0 | D:1      | Reached XP level 1. HP: 14/14 MP: 1/1
   372 | D:1      | Reached XP level 2. HP: 20/20 MP: 2/2
  1074 | D:1      | Reached XP level 3. HP: 24/24 MP: 3/3
  1987 | D:2      | Noticed Jessica
  2047 | D:2      | Killed Jessica
  2048 | D:2      | Reached XP level 4. HP: 13/29 MP: 4/4
  3329 | D:3      | Reached XP level 5. HP: 33/33 MP: 5/5
  3386 | D:3      | Noticed Sigmund
  3407 | D:3      | Killed Sigmund
  3408 | D:3      | Reached XP level 6. HP: 23/39 MP: 6/6
  5012 | D:5      | Entered Level 5 of the Dungeon
  5013 | D:5      | Identified a scroll of acquirement
  5013 | D:5      | Acquired a +2 cloak of willpower
  5055 | D:5      | Reached XP level 7. HP: 44/44 MP: 7/7
  5056 | D:5      | Reached skill level 5 in Fighting
  5101 | D:5      | Reached skill level 5 in Axes
  5225 | D:5      | Reached skill level 5 in Armour
  5475 | D:5      | Noticed Grinder
  5501 | D:5      | Reached XP level 8. HP: 37/50 MP: 8/8
  6165 | D:5      | Killed Grinder
  6460 | D:6      | Found a staircase to the Ecumenical Temple.
  6466 | Temple   | Entered the Ecumenical Temple
  6502 | Temple   | Became a worshipper of Warmaster Okawaru
  6671 | D:6      | Noticed Edmund
  6689 | D:6      | Killed Edmund
  6888 | D:7      | Reached XP level 9. HP: 28/55 MP: 9/9
  6892 | D:7      | Reached skill level 1 in Invocations
  6892 | D:7      | Reached skill level 1 in Evocations
  7256 | D:7      | Reached skill level 5 in Shields
  7288 | D:7      | Reached * piety under Okawaru
  7301 | D:7      | HP: 2/55 [wight/+0 dire flail of protection (8)]
  9021 | D:8      | Gained mutation: You have very sharp teeth. [potion of
                  | mutation]
  9021 | D:8      | Gained mutation: Your magical capacity is low. (-10% MP)
                  | [potion of mutation]
  9021 | D:8      | Gained mutation: You are robust. (+10% HP) [potion of
                  | mutation]
  9093 | D:8      | Found a shimmering altar of Xom.
  9171 | D:8      | Found a snail-covered altar of Cheibriados.
  9172 | D:8      | Found Cheibriados's Comfort Zone.
  9654 | D:8      | Noticed a green ugly thing
  9698 | D:7      | Killed a green ugly thing
  9698 | D:7      | Reached ** piety under Okawaru
  9933 | D:8      | Reached XP level 10. HP: 64/67 MP: 11/11
 10325 | D:9      | Reached *** piety under Okawaru
 10599 | D:9      | Found a shimmering blue altar of Sif Muna.
 10795 | D:9      | Noticed a two-headed ogre
 10803 | D:9      | Killed a two-headed ogre
 10868 | D:9      | Noticed Psyche
 10874 | D:9      | Killed Psyche
 11017 | D:9      | Reached **** piety under Okawaru
 11031 | D:9      | Reached skill level 5 in Invocations
 11262 | D:9      | Noticed a harpy
 11262 | D:9      | a queen bee changed into a harpy
 11278 | D:9      | Killed a harpy
 11532 | D:9      | Found a staircase to the Lair.
 11771 | D:8      | Reached XP level 11. HP: 73/73 MP: 13/13
 11824 | D:9      | Noticed a two-headed ogre
 11971 | D:8      | Killed a two-headed ogre
 12399 | D:8      | Reached ***** piety under Okawaru
 12934 | Lair:1   | Entered Level 1 of the Lair of Beasts
 13263 | Lair:1   | Reached skill level 5 in Evocations
 13445 | Lair:1   | Reached skill level 10 in Axes
 13852 | Lair:2   | Identified the +7 chain mail "Muagreo" {Int+4 Dex-4 Stlth+}
                  | (Okawaru gifted it to you on level 2 of the Lair of Beasts)
 13852 | Lair:2   | Received a gift from Okawaru
 14220 | Lair:2   | Reached XP level 12. HP: 80/82 MP: 15/15
 14262 | Lair:2   | Reached ****** piety under Okawaru
 14404 | Lair:2   | Found a hole to the Spider Nest.
 14734 | Lair:2   | Noticed an eight-headed hydra
 14741 | Lair:2   | Noticed a six-headed hydra
 14746 | Lair:2   | Killed an eight-headed hydra
 14753 | Lair:2   | Killed a six-headed hydra
 14770 | Lair:2   | Reached skill level 10 in Armour
 14850 | Lair:2   | Found a staircase to the Swamp.
 15405 | Lair:3   | Identified the +0 pair of boots "Tawaryrch" {rN+} (Okawaru
                  | gifted it to you on level 3 of the Lair of Beasts)
 15405 | Lair:3   | Received a gift from Okawaru
 16457 | Lair:4   | Found a runed translucent gate.
 16459 | Lair:4   | Found a runed translucent gate.
 16459 | Lair:4   | Noticed a 13-headed hydra
 16461 | Lair:4   | Found a runed translucent gate.
 17013 | Lair:4   | Reached XP level 13. HP: 75/88 MP: 17/17
 17231 | Lair:4   | Noticed Dutwide's ghost (journeyman MfGl)
 17500 | Lair:3   | HP: 1/89 [13-headed hydra (9)]
 18249 | Lair:4   | Identified the +3 scale mail of Yredelemnul's Favour {rPois
                  | Int+2}
 18410 | Lair:4   | Received a gift from Okawaru
 18425 | Lair:4   | Reached skill level 10 in Fighting
 18476 | Lair:5   | Identified the +6 chain mail of the Realm of Zot {rN+}
 18943 | Lair:5   | Found a dark tunnel.
 19344 | Lair:6   | Entered Level 6 of the Lair of Beasts
 19534 | Lair:6   | Received a gift from Okawaru
 20100 | Lair:6   | Gained mutation: Your large and strong wings let you fly.
                  | [Gargoyle growth]
 20100 | Lair:6   | Reached XP level 14. HP: 98/99 MP: 19/19
 20144 | Lair:6   | Identified the +0 scale mail "Ycvockin" {+Blink rF- Stlth+}
                  | (Okawaru gifted it to you on level 6 of the Lair of Beasts)
 20144 | Lair:6   | Received a gift from Okawaru
 20452 | Lair:6   | Reached skill level 10 in Invocations
 20753 | Lair:6   | Identified the +0 shortbow "Qaeckex" {flame, Fly}
 21544 | D:10     | Entered Level 10 of the Dungeon
 21628 | D:10     | Noticed Snorg
 21643 | D:10     | Killed Snorg
 22226 | D:10     | Noticed Lodul
 22594 | D:9      | Identified the +0 cloak "Wiqoim" {-Cast rPois Regen+ Str+7}
                  | (Okawaru gifted it to you on level 9 of the Dungeon)
 22594 | D:9      | Received a gift from Okawaru
 22925 | D:10     | Killed Lodul
 23266 | D:11     | Noticed Nergalle
 23270 | D:11     | Noticed Maurice
 23278 | D:10     | Killed Nergalle
 23553 | D:10     | Killed Maurice
 24073 | D:11     | Found a staircase to the Orcish Mines.
 24478 | D:11     | Noticed Erolcha
 24714 | D:11     | Killed Erolcha
 25191 | D:12     | Noticed Fannar
 25209 | D:12     | Killed Fannar
 25210 | D:12     | Reached skill level 10 in Shields
 25407 | D:12     | Reached XP level 15. HP: 107/107 MP: 20/20
 25411 | D:12     | Found a frozen archway.
 25421 | IceCv    | Entered an ice cave
 25430 | IceCv    | Found a transporter.
 25561 | IceCv    | Found a transporter.
 25601 | IceCv    | HP: 5/107 [ice statue/bolt of cold (28)]
 25602 | IceCv    | Engulfed by an ice statue's freezing vapour

Illustrated notes

Levels and vault maps discovered:
D:1:      elethiomel_arrival_infinity_welcomes_careful_drivers, layout_basic
D:2:      layout_basic, uniq_jessica
D:3:      layout_basic, serial_park_tiny_pond, roderic_batcave,
          nicolae_grassy_gnolls, uniq_sigmund
D:4:      layout_loops_ring, nrook_campfire
D:5:      minmay_spotlight, layout_basic, uniq_grinder
D:6:      layout_cave_pools, minmay_temple_entry_hall, nrook_mini_backslash,
          uniq_edmund
D:7:      layout_layer_cave, roderic_lattice_a
D:8:      layout_basic, tgw_xom, minmay_shop_chei
D:9:      layout_basic, nicolae_sif_muna_condensation,
          grunt_lair_entry_orc_guard_hut, special_room [special_room_orc],
          uniq_psyche
D:10:     layout_long_grid, serial_rivers, chequers_serial_rivers_small_a,
          chequers_serial_rivers_micro_b, chequers_serial_rivers_small_b,
          chequers_serial_rivers_small_a, lightli_orcish_oven, uniq_snorg,
          uniq_lodul
D:11:     layout_loops_corners, erik_orc_4, kennysheep_generic_room_16,
          uniq_nergalle, uniq_maurice, uniq_erolcha
D:12:     layout_rooms, portal_ice_cave_entry_imps, dancing_weapons_uskayaw,
          uniq_fannar
Temple:   mainiacjoe_temple_big_plus
Lair:1:   layout_chaotic_city, infiniplex_staircase_pool
Lair:2:   layout_regular_city, palyth_hydra_swamp_entry,
          nicolae_spider_entry_non_spiders, grunt_megastairs_2
Lair:3:   layout_cave_pods, st_stairs_3, serial_bayou_shore_a
Lair:4:   layout_loops_ring, gammafunk_ghost_hydra_chop
Lair:5:   layout_hall_layers, nicolae_volcano_entry_vermiform, minivault_19,
          grunt_megastairs_1
Lair:6:   minmay_lair_end_enchanted_forest, layout_regular_city,
          minmay_slime_entry_oklob_enclosed
IceCv:    ice_cave_statue_garden_transporter

Skill      XL: |  1  2  3  4  5  6  7  8  9 10 11 12 13 14 |
---------------+-------------------------------------------+-----
Axes           | 2 3 4 6 7 8 9 10 11 12 13 | 13.7
Fighting       | 4 5 6 7 8 9 11 13 | 13.1
Armour         | 4 5 6 7 8 9 10 11 | 11.9
Shields        | 4 5 6 7 8 9 10 | 10.1
Invocations    | 3 5 6 8 9 10 | 10.8
Evocations     | 3 4 5 6 8 9 |  9.0

Action                   |  1- 3 |  4- 6 |  7- 9 | 10-12 | 13-15 || total
-------------------------+-------+-------+-------+-------+-------++-------
Melee: War axe           |   101 |    98 |    46 |   338 |    55 ||   638
       Hand axe          |       |       |   291 |   593 |       ||   884
       Bite              |       |       |    11 |   136 |   136 ||   283
       Flail             |       |       |       |    14 |   191 ||   205
       Broad axe         |       |       |       |       |   804 ||   804
Invok: Heroism           |       |       |       |       |     2 ||     2
  Use: Scroll            |     9 |     6 |     9 |     3 |     3 ||    30
       Potion            |       |     1 |     2 |     2 |     9 ||    14
Armor: Scale mail        |    45 |    24 |       |       |       ||    69
       Chain mail        |       |    27 |    73 |   418 |  1078 ||  1596
       Plate armour      |       |       |   150 |   272 |       ||   422
Dodge: Dodged            |    64 |    46 |    82 |   244 |   446 ||   882
Block: Buckler           |    24 |    24 |   112 |   275 |   454 ||   889

Table legend: (Time is in decaauts)
 A = Elapsed time spent in this place.
 B = Non-inter-level travel time spent in this place.
 C = Inter-level travel time spent in this place.
 D = Time resting spent in this place.
 E = Time spent auto-exploring this place.
 F = Levels seen in this place.
 G = Mean time per level.
                   A        B        C        D        E       F      G
               +--------+--------+--------+--------+--------+-----+--------+
         Total |  25671 |  25527 |    144 |   7445 |  11648 |  20 | 1283.6 |
       Dungeon |  16868 |  16767 |    101 |   5479 |   7563 |  12 | 1405.7 |
        Temple |     59 |     40 |     19 |      0 |     30 |   1 |   59.0 |
          Lair |   8564 |   8540 |     24 |   1857 |   4055 |   6 | 1427.3 |
      Ice Cave |    179 |    179 |      0 |    109 |      0 |   1 |  179.0 |
               +--------+--------+--------+--------+--------+-----+--------+

Top non-repeatable levels by time:
     D:9: 2802 daAuts
     D:7: 2550 daAuts
    D:10: 2023 daAuts
     D:1: 1661 daAuts
  Lair:6: 1647 daAuts
  Lair:4: 1628 daAuts
  Lair:3: 1576 daAuts
     D:2: 1493 daAuts
     D:8: 1401 daAuts
  Lair:5: 1398 daAuts
  Lair:2: 1361 daAuts
     D:5: 1347 daAuts
     D:3: 1085 daAuts
    D:11: 1041 daAuts
  Lair:1: 952 daAuts
